 Dungeon Crawl Stone Soup version bcrawl-1.21.2-28-g2cb1824106 (webtiles) character file.

Game seed: 14004180533397856448

140 Freyura the Cudgeler (level 5, -2/32 HPs)
             Began as a Gargoyle Gladiator on Mar 24, 2020.
             Slain by an orc priest
             ... wielding a +0 flail
              (3 damage)
             ... on level 3 of the Dungeon.
             The game lasted 00:05:08 (2408 turns).

Freyura the Cudgeler (Gargoyle Gladiator)           Turns: 2408, Time: 00:05:09

Health: -2/32      AC: 11    Str: 17    XL:     5   Next: 23%
Magic:  5/5        EV: 12    Int:  9    God:
Gold:   157        SH:  0    Dex: 12    Spells: 4/4 levels left

rFire    . . .     SeeInvis .   a - +0 flail
rCold    . . .     Gourm    .   (no shield)
rNeg     + . .     Faith    .   m - +3 leather armour
rPois    ∞         Spirit   .   c - +0 helmet
rElec    +         Reflect  .   k - scarf {repulsion}
rCorr    .         Harm     .   (no gloves)
MR       .....                  (no boots)
Stlth    +.........             (no amulet)
HPRegen  0.10/turn              i - ring of insulation
MPRegen  0.09/turn              (no ring)

@: repel missiles
A: negative energy resistance 1, electricity resistance, unbreathing,
petrification resistance, rot immunity, AC +4
a: no special abilities


You were on level 3 of the Dungeon.
You were not hungry.

You visited 1 branch of the dungeon, and saw 3 of its levels.

You collected 157 gold pieces.

Inventory:

Hand Weapons
 a - a +0 flail (weapon)
Missiles
 d - 3 throwing nets (quivered) {!f}
Armour
 b - a +0 leather armour
 c - a +0 helmet (worn)
 k - a scarf of repulsion (worn)
 m - a +3 leather armour (worn)
Jewellery
 i - a ring of insulation (left hand)
Scrolls
 f - 3 scrolls of identify
 g - 3 scrolls of teleportation {unknown}
 h - 2 scrolls of remove curse {unknown}
 j - a scroll of enchant armour {unknown}
 p - a scroll of amnesia {unknown}
 r - a scroll of blinking {unknown}
Potions
 l - a potion of agility
 n - a potion of magic
 o - a potion of mutation {unknown}
Comestibles
 e - 6 rations {!d}


   Skills:
 + Level 3.1 Fighting
 * Level 4.3 Maces & Flails
 - Level 1.7 Throwing
 + Level 2.0 Armour
 + Level 3.0 Dodging


You had 4 spell levels left.
You didn't know any spells.
Your spell library was empty.

Dungeon Overview and Level Annotations

Branches:
Dungeon (3/12)

Altars:


Innate Abilities, Weirdness & Mutations

You are resistant to torment.
Your stone body is resilient. (AC +4)
You are immune to poison.
You resist negative energy. (rN+)
You are resistant to electric shocks. (rElec)
You can survive without breathing.
You are immune to petrification.
You are immune to rotting.


Message History

You hit the orc priest.
The orc priest is moderately wounded.
The orc priest barely misses you.
You completely miss the orc priest.
The orc priest is moderately wounded.
The orc priest invokes the aid of Beogh against you.
Beogh smites you!
* * * LOW HITPOINT WARNING * * *
You closely miss the orc priest.
The orc priest is moderately wounded.
The orc priest calls down the wrath of Beogh upon you.
Pain shoots through your body!
* * * LOW HITPOINT WARNING * * *
You closely miss the orc priest.
The orc priest is moderately wounded.
The orc priest hits you but does no damage.
You hit the orc priest.
The orc priest is heavily wounded.
The orc priest hits you with a +0 flail.
You die...

#..#####.....#
##.### ......
##....# ..
#.###..#.##
##...#
#......# ##.##
##.# #..# #.#
#.# .#.##.#
#.#
##.#.######
##..<......
#@#.#######
#o##... ..K
...... ####
#.####.# ###
#.# # .. #.#
.. .# #. #..#
# #. #..# +.
#.


You could see an orc priest and a kobold.

Vanquished Creatures
  An orc wizard (D:3)
  Natasha (D:3)
  A hound skeleton (D:3)
  An adder (D:3)
  3 worms (D:2)
  3 dart slugs
  5 leopard geckos
  6 orcs (D:3)
  2 ball pythons
  3 giant cockroaches
  3 hobgoblins
  2 kobolds (D:1)
  A quokka (D:3)
  4 bats
  2 frilled lizards
  4 goblins
  2 rats
44 creatures vanquished.

Notes
Turn   | Place    | Note
-------+----------+-------------------------------------------
     0 | D:1      | Freyura the Gargoyle Gladiator began the quest for the Orb.
     0 | D:1      | Reached XP level 1. HP: 12/12 MP: 1/1
   500 | D:1      | Reached XP level 2. HP: 18/18 MP: 2/2
   865 | D:1      | Reached skill level 1 in Armour
   998 | D:2      | Reached XP level 3. HP: 16/22 MP: 3/3
  1966 | D:3      | Reached XP level 4. HP: 22/27 MP: 4/4
  2033 | D:3      | Noticed Natasha
  2041 | D:3      | Killed Natasha
  2041 | D:3      | Reached skill level 4 in Maces & Flails
  2160 | D:3      | Reached XP level 5. HP: 14/32 MP: 5/5
  2406 | D:3      | HP: 1/32 [orc priest/nerve-wracking pain (3)]
  2408 | D:3      | Slain by an orc priest

Skill      XL: |  1  2  3  4  5 |
---------------+----------------+-----
Armour         | 1 2 |  2.0
Maces & Flails | 4 |  4.3
Fighting       | 3 |  3.1
Dodging        | 3 |  3.0
Throwing       | |  1.7

Action                   |  1- 3 |  4- 6 || total
-------------------------+-------+-------++-------
Melee: Flail             |    91 |    55 ||   146
  Use: Scroll            |       |     2 ||     2
  Eat: Chunk             |     2 |     3 ||     5
Armor: Leather armour    |    48 |    16 ||    64
Dodge: Dodged            |    65 |    29 ||    94
       Deflected         |       |     1 ||     1
